BLB
PAWTUCKET PATRIOTS @ BATAVIA MUCKDOGS
04/16/2060
 
TOP OF THE 1ST
Syracuse Snappers batting - Pitching for Washington Bats : LHP Reid Rothstein
Pitching: LHP Reid Rothstein
Batting: RHB Benny Ackley 0-0: Ball
1-0: Swinging Strike
1-1: Swinging Strike
1-2: Strikes out looking
Batting: RHB Charlie Jones 0-0: Ball
1-0: Called Strike
1-1: Ball
2-1: Foul Ball, location: 2F
2-2: Ball
3-2: SINGLE (Line Drive, 9LM, EV 105.0 MPH)
Batting: RHB Asher Kappler 0-0: Called Strike
0-1: Ball
1-1: Called Strike
1-2: Foul Ball, location: 2F
1-2: Ball
2-2: Ball
3-2: Base on Balls
Charlie Jones to second
Batting: LHB Sayon Castillo 0-0: Foul Ball, location: 2F
0-1: Ball
Charlie Jones steals 3rd base
1-1: Foul Ball, location: 2F
1-2: Ball
2-2: Ball
3-2: Base on Balls
Asher Kappler to second
Batting: SHB J.D. Diltz 0-0: Ball
1-0: Ball
2-0: Ball
3-0: Called Strike
3-1: Foul Ball, location: 2F
3-2: Foul Ball, location: 2F
3-2: SINGLE (Groundball, 56D, EV 103.1 MPH)
Charlie Jones scores
Asher Kappler to third
Sayon Castillo to second
Batting: RHB Ben Piche 0-0: Called Strike
0-1: Swinging Strike
0-2: Ball
1-2: Strikes out swinging
Batting: RHB Cody Zimmerman 0-0: Called Strike
0-1: Fly out, F8 (Line Drive, 8LD, EV 90.0 MPH)
Top of the 1st over - 1 run, 2 hits, 0 errors, 3 left on base; Syracuse 1 - Washington 0
BOTTOM OF THE 1ST
Washington Bats batting - Pitching for Syracuse Snappers : RHP Blake Visco
Pitching: RHP Blake Visco
Batting: RHB Julian Ludin 0-0: Called Strike
0-1: Ground out 3-1 (Groundball, 34, EV 81.9 MPH)
Batting: SHB Josiah White 0-0: Called Strike
0-1: Ball
1-1: Foul Ball, location: 2F
1-2: Foul Ball, location: 2F
1-2: Fly out, F9 (Flyball, 9, EV 96.2 MPH)
Batting: RHB Neall Rabah 0-0: Ball
1-0: Called Strike
1-1: Ball
2-1: DOUBLE (Flyball, 8RXD, EV 95.6 MPH)
Batting: LHB Greg Selser 0-0: Ground out 4-3 (Groundball, 4, EV 105.0 MPH)
Bottom of the 1st over - 0 runs, 1 hit, 0 errors, 1 left on base; Syracuse 1 - Washington 0
TOP OF THE 2ND
Syracuse Snappers batting - Pitching for Washington Bats : LHP Reid Rothstein
Batting: RHB Damian Goranson 0-0: Ball
1-0: Fly out, F9 (Flyball, 9S, EV 91.2 MPH)
Batting: RHB Lukas Byrd 0-0: Ball
1-0: Called Strike
1-1: Ball
2-1: SINGLE (Groundball, 6MD, EV 96.2 MPH)
Batting: RHB Benny Ackley 0-0: Ball
1-0: Swinging Strike
1-1: Swinging Strike
1-2: Strikes out swinging
Batting: RHB Charlie Jones 0-0: Ball
1-0: Called Strike
1-1: Ball
2-1: Ball
3-1: Foul Ball, location: 2F
3-2: Strikes out swinging
Top of the 2nd over - 0 runs, 1 hit, 0 errors, 1 left on base; Syracuse 1 - Washington 0
BOTTOM OF THE 2ND
Washington Bats batting - Pitching for Syracuse Snappers : RHP Blake Visco
Batting: RHB Louis Hockney 0-0: SINGLE (Groundball, 56D, EV 107.5 MPH)
Batting: RHB Owen Dooley 0-0: Ball
1-0: Called Strike
1-1: Foul Ball, location: 2F
1-2: Ball
2-2: Ball
3-2: Strikes out swinging
Batting: RHB Ken Daly 0-0: Ball
1-0: SINGLE (Groundball, 4MD, EV 101.2 MPH)
Louis Hockney to second
Runner from 2nd tries for 3rd, SAFE after rundown.
Batting: LHB Evan Wilson 0-0: Called Strike
0-1: Called Strike
0-2: Ball
Wild Pitch!
Louis Hockney scores
Ken Daly to second
1-2: Ball
2-2: Ball
3-2: Foul Ball, location: 2F
3-2: Foul Ball, location: 2F
3-2: Strikes out swinging
Batting: LHB Ollie Snelgrove 0-0: Ball
1-0: Ball
2-0: DOUBLE (Groundball, 5L, EV 103.8 MPH)
Ken Daly scores
Batting: RHB Julian Ludin 0-0: Ball
1-0: Swinging Strike
1-1: Ball
2-1: Foul Ball, location: 2F
2-2: Ball
3-2: Foul Ball, location: 2F
3-2: Foul Ball, location: 2F
3-2: Fly out, F6 (Popup, 6M, EV 65.0 MPH)
Bottom of the 2nd over - 2 runs, 3 hits, 0 errors, 1 left on base; Syracuse 1 - Washington 2
TOP OF THE 3RD
Syracuse Snappers batting - Pitching for Washington Bats : LHP Reid Rothstein
Batting: RHB Asher Kappler 0-0: Called Strike
0-1: Swinging Strike
0-2: Ball
1-2: Foul Ball, location: 2F
1-2: Foul Ball, location: 2F
1-2: Ball
2-2: Fly out, F9 (Flyball, 9LSF, EV 80.6 MPH)
Batting: LHB Sayon Castillo 0-0: Foul Ball, location: 2F
0-1: Ball
1-1: Called Strike
1-2: Ball
2-2: Fly out, F7 (Flyball, 7D, EV 89.4 MPH)
Batting: SHB J.D. Diltz 0-0: Ball
1-0: Ball
2-0: Fly out, F7 (Flyball, 7, EV 78.8 MPH)
Top of the 3rd over - 0 runs, 0 hits, 0 errors, 0 left on base; Syracuse 1 - Washington 2
BOTTOM OF THE 3RD
Washington Bats batting - Pitching for Syracuse Snappers : RHP Blake Visco
Batting: SHB Josiah White 0-0: Ball
1-0: Foul Ball, location: 2F
1-1: Ground out 4-3 (Groundball, 4, EV 98.1 MPH)
Batting: RHB Neall Rabah 0-0: SINGLE (Groundball, 6D, EV 107.5 MPH)
Batting: LHB Greg Selser 0-0: SINGLE (Popup, 6D, EV 69.4 MPH)
Neall Rabah to second
Batting: RHB Louis Hockney 0-0: Ball
1-0: Foul Ball, location: 2F
1-1: Swinging Strike
1-2: Strikes out swinging
Batting: RHB Owen Dooley 0-0: Ball
1-0: Called Strike
1-1: Fly out, F8 (Flyball, 78M, EV 81.2 MPH)
Bottom of the 3rd over - 0 runs, 2 hits, 0 errors, 2 left on base; Syracuse 1 - Washington 2
TOP OF THE 4TH
Syracuse Snappers batting - Pitching for Washington Bats : LHP Reid Rothstein
Batting: RHB Ben Piche 0-0: Ground out 1-3 (Groundball, 13, EV 70.6 MPH)
Batting: RHB Cody Zimmerman 0-0: Called Strike
0-1: Swinging Strike
0-2: Strikes out swinging
Batting: RHB Damian Goranson 0-0: Swinging Strike
0-1: SINGLE (Groundball, 6MD, EV 110.6 MPH)
Batting: RHB Lukas Byrd 0-0: Called Strike
0-1: Fly out, F8 (Line Drive, 89M, EV 90.6 MPH)
Top of the 4th over - 0 runs, 1 hit, 0 errors, 1 left on base; Syracuse 1 - Washington 2
BOTTOM OF THE 4TH
Washington Bats batting - Pitching for Syracuse Snappers : RHP Blake Visco
Batting: RHB Ken Daly 0-0: Foul Ball, location: 2F
0-1: Ball
1-1: Foul Ball, location: 2F
1-2: Strikes out looking
Batting: LHB Evan Wilson 0-0: Foul Ball, location: 2F
0-1: Ball
1-1: Foul Ball, location: 2F
1-2: Fly out, F8 (Flyball, 8LXD, EV 83.8 MPH)
Batting: LHB Ollie Snelgrove 0-0: Foul Ball, location: 2F
0-1: Foul Ball, location: 2F
0-2: Ball
1-2: Foul Ball, location: 2F
1-2: Foul Ball, location: 2F
1-2: Ball
2-2: Foul Ball, location: 2F
2-2: SINGLE (Line Drive, 8RM, EV 111.9 MPH)
Batting: RHB Julian Ludin 0-0: Ball
1-0: Ground out 4-3 (Groundball, 34, EV 81.9 MPH)
Bottom of the 4th over - 0 runs, 1 hit, 0 errors, 1 left on base; Syracuse 1 - Washington 2
TOP OF THE 5TH
Syracuse Snappers batting - Pitching for Washington Bats : LHP Reid Rothstein
Batting: RHB Benny Ackley 0-0: Called Strike
0-1: Ground out 6-3 (Groundball, 6, EV 103.1 MPH)
Batting: RHB Charlie Jones 0-0: Ball
1-0: Fly out, F7 (Line Drive, 7D, EV 86.9 MPH)
Batting: RHB Asher Kappler 0-0: Swinging Strike
0-1: Called Strike
0-2: Ball
1-2: Foul Ball, location: 2F
1-2: Ball
2-2: Ball
3-2: Strikes out swinging
Top of the 5th over - 0 runs, 0 hits, 0 errors, 0 left on base; Syracuse 1 - Washington 2
BOTTOM OF THE 5TH
Washington Bats batting - Pitching for Syracuse Snappers : RHP Blake Visco
Batting: SHB Josiah White 0-0: Ball
1-0: Swinging Strike
1-1: Foul Ball, location: 2F
1-2: Ball
2-2: Fly out, F6 (Popup, 6M, EV 71.9 MPH)
Batting: RHB Neall Rabah 0-0: Swinging Strike
0-1: Ball
1-1: Ball
2-1: Foul Ball, location: 2F
2-2: SINGLE (Groundball, 5D, EV 101.9 MPH)
Batting: LHB Greg Selser 0-0: Called Strike
0-1: Ball
1-1: Foul Ball, location: 2F
Balk!
Neall Rabah to second
1-2: Strikes out swinging
Batting: RHB Louis Hockney 0-0: Ground out 6-3 (Groundball, 6, EV 85.0 MPH)
Bottom of the 5th over - 0 runs, 1 hit, 0 errors, 1 left on base; Syracuse 1 - Washington 2
TOP OF THE 6TH
Syracuse Snappers batting - Pitching for Washington Bats : LHP Reid Rothstein
Batting: LHB Sayon Castillo 0-0: Ball
1-0: Ground out 4-3 (Groundball, 4, EV 84.4 MPH)
Batting: SHB J.D. Diltz 0-0: Ball
1-0: Ball
2-0: Called Strike
2-1: Ball
3-1: Ground out 4-3 (Groundball, P, EV 88.8 MPH)
Batting: RHB Ben Piche 0-0: Ball
1-0: Foul Ball, location: 2F
1-1: SINGLE (Groundball, 4M, EV 103.8 MPH) (infield hit)
Batting: RHB Cody Zimmerman 0-0: Ball
Ben Piche steals 2nd base (no throw)
1-0: Ground out U3 (Groundball, 13, EV 94.4 MPH)
Top of the 6th over - 0 runs, 1 hit, 0 errors, 1 left on base; Syracuse 1 - Washington 2
BOTTOM OF THE 6TH
Washington Bats batting - Pitching for Syracuse Snappers : RHP Blake Visco
Batting: RHB Owen Dooley 0-0: Called Strike
0-1: Ball
1-1: Fly out, F8 (Flyball, 8RM, EV 90.0 MPH)
Batting: RHB Ken Daly 0-0: Called Strike
0-1: Ball
1-1: Swinging Strike
1-2: Strikes out swinging
Batting: LHB Evan Wilson 0-0: DOUBLE (Groundball, 3L, EV 100.0 MPH)
Batting: LHB Ollie Snelgrove 0-0: Foul Ball, location: 2F
0-1: Called Strike
0-2: Strikes out looking
Bottom of the 6th over - 0 runs, 1 hit, 0 errors, 1 left on base; Syracuse 1 - Washington 2
TOP OF THE 7TH
Syracuse Snappers batting - Pitching for Washington Bats : LHP Reid Rothstein
Batting: RHB Damian Goranson 0-0: Ground out 4-3 (Groundball, 4MD, EV 109.4 MPH)
Batting: RHB Lukas Byrd 0-0: Ball
1-0: Swinging Strike
1-1: Foul Ball, location: 2F
1-2: Ball
2-2: Strikes out looking
Batting: RHB Benny Ackley 0-0: Ball
1-0: Foul Ball, location: 2F
1-1: Foul Ball, location: 2F
1-2: Strikes out looking
Top of the 7th over - 0 runs, 0 hits, 0 errors, 0 left on base; Syracuse 1 - Washington 2
BOTTOM OF THE 7TH
Washington Bats batting - Pitching for Syracuse Snappers : RHP Blake Visco
Pitching: RHP Dallas Jordan
Batting: RHB Julian Ludin 0-0: Ball
1-0: Ball
2-0: Fly out, F8 (Flyball, 8LD, EV 91.2 MPH)
Batting: SHB Josiah White 0-0: Ball
1-0: Ball
2-0: Ball
3-0: Called Strike
3-1: Ground out 4-3 (Groundball, 4M, EV 101.9 MPH)
Batting: RHB Neall Rabah 0-0: Ball
1-0: Ball
2-0: Ball
3-0: Fly out, F7 (Flyball, 78M, EV 94.4 MPH)
Bottom of the 7th over - 0 runs, 0 hits, 0 errors, 0 left on base; Syracuse 1 - Washington 2
TOP OF THE 8TH
Syracuse Snappers batting - Pitching for Washington Bats : LHP Reid Rothstein
Pitching: RHP Brock Bumbarger
Batting: RHB Charlie Jones 0-0: Called Strike
0-1: Foul Ball, location: 2F
0-2: Strikes out swinging, 2-3 out at first.
Batting: RHB Asher Kappler 0-0: Ball
1-0: Called Strike
1-1: Swinging Strike
1-2: Foul Ball, location: 2F
1-2: Strikes out swinging
Batting: LHB Sayon Castillo 0-0: Ball
1-0: Ball
2-0: Called Strike
2-1: Ball
3-1: Base on Balls
Batting: SHB J.D. Diltz 0-0: Fly out, F7 (Flyball, 7LSF, EV 96.2 MPH)
Top of the 8th over - 0 runs, 0 hits, 0 errors, 1 left on base; Syracuse 1 - Washington 2
BOTTOM OF THE 8TH
Washington Bats batting - Pitching for Syracuse Snappers : RHP Dallas Jordan
Batting: LHB Greg Selser 0-0: Called Strike
0-1: Swinging Strike
0-2: Foul Ball, location: 2F
0-2: Ball
1-2: Ball
2-2: Ground out 5-3 (Groundball, 56, EV 81.2 MPH)
Batting: RHB Louis Hockney 0-0: Ball
1-0: Ball
2-0: Called Strike
2-1: Ball
3-1: Base on Balls
Batting: RHB Owen Dooley 0-0: Foul Ball, location: 2F
0-1: Swinging Strike
0-2: Strikes out swinging
Batting: RHB Ken Daly 0-0: Ball
1-0: Ball
2-0: Ball
3-0: Called Strike
3-1: SINGLE (Line Drive, 89S, EV 88.8 MPH)
Louis Hockney to second
Batting: LHB Evan Wilson 0-0: DOUBLE (Line Drive, 78D, EV 99.4 MPH)
Louis Hockney scores
Ken Daly to third
Batting: LHB Ollie Snelgrove 0-0: Fly out, F8 (Flyball, 8RD, EV 87.5 MPH)
Bottom of the 8th over - 1 run, 2 hits, 0 errors, 2 left on base; Syracuse 1 - Washington 3
TOP OF THE 9TH
Syracuse Snappers batting - Pitching for Washington Bats : RHP Brock Bumbarger
Pitching: LHP Darius Huschke
Now in LF: Barrington Purbacaraka
Now in RF: Josiah White
Batting: RHB Ben Piche 0-0: Ball
1-0: Fly out, F7 (Flyball, 78M, EV 65.0 MPH)
Batting: RHB Cody Zimmerman 0-0: Ball
1-0: Swinging Strike
1-1: Called Strike
1-2: Ball
2-2: Ball
3-2: Foul Ball, location: 2F
3-2: Ground out 5-3 (Groundball, 56S, EV 82.5 MPH)
Batting: RHB Damian Goranson 0-0: Called Strike
0-1: Called Strike
0-2: Strikes out swinging
Top of the 9th over - 0 runs, 0 hits, 0 errors, 0 left on base; Syracuse 1 - Washington 3
Saturday, April 27th , 2024 - OOTP Baseball 23.10 Build 110